 Dungeon Crawl Stone Soup version 0.28-a0-1395-g4f6bc678fa (webtiles) character file.

Game seed: 6924155353373667383

45874 benadryl the Impaler (level 14, -12/111 HPs)
             Began as a Demonspawn Gladiator on Jan 4, 2022.
             Was a Priest of Yredelemnul.
             Mangled by an ettin (44 damage)
             ... on level 2 of the Orcish Mines.
             The game lasted 00:45:10 (18072 turns).

benadryl the Impaler (Demonspawn Gladiator)        Turns: 18072, Time: 00:45:11

Health: -12/111    AC:  9    Str: 19    XL:     14   Next: 2%
Magic:  17/25      EV: 12    Int: 11    God:    Yredelemnul [***...]
Gold:   1515       SH:  8    Dex: 14    Spells: 13/13 levels left

rFire   . . .      SeeInvis .   a - +0 trident (freeze)
rCold   + . .      Faith    +   (no shield)
rNeg    + . .      Spirit   .   n - +0 troll leather armour {Pargi}
rPois   .          Reflect  .   c - +1 helmet
rElec   .          Harm     .   e - +0 cloak
rCorr   .          Rampage  .   (gloves unavailable)
Will    +....                   q - +1 pair of boots
Stlth   ++........              i - amulet of faith
HPRegen 1.08/turn               K - ring of Getwapro {rC+ rN+ Stlth+}
MPRegen 0.19/turn               (no ring)

@: no status effects
A: large bone plates 3, ignite blood 1, spiny 2, demonic touch 3
a: Renounce Religion, Recall Undead Harvest, Dark Bargain


You were on level 2 of the Orcish Mines.
You worshipped Yredelemnul.
Yredelemnul was pleased with you.
You visited 4 branches of the dungeon, and saw 20 of its levels.

You collected 1515 gold pieces.

Inventory:

Hand Weapons
 a - a +0 trident of freezing (weapon)
 b - the +7 staff of the Meek {protect, meekguard}
   (You found it on level 8 of the Dungeon)

   It grants its wielder temporary protection when it strikes (+7 to AC).
   It provides extra protection to wielders with little health.
 t - a +1 glaive
 E - a +2 spear of venom
Missiles
 j - 6 curare-tipped darts (quivered)
Armour
 c - a +1 helmet (worn)
 e - a +0 cloak (worn)
 n - a +0 troll leather armour (worn) {Pargi}
 q - a +1 pair of boots (worn)
 s - a +2 ring mail of fire resistance
 y - a +0 plate armour
Jewellery
 f - an amulet of regeneration
 i - an amulet of faith (around neck)
 l - a ring of ice
 K - the ring of Getwapro (left hand) {rC+ rN+ Stlth+}
   (You found it on level 6 of the Lair of Beasts)

   [ring of positive energy]

   rC:        It protects you from cold.
   rN:        It protects you from negative energy.
   Stlth:     It makes you more stealthy.
Wands
 h - a wand of iceblast (11)
 r - a wand of charming (3)
 w - a wand of flame (25)
 z - a wand of polymorph (18)
 D - a wand of digging (9)
 F - a wand of mindburst (7)
 J - a wand of paralysis (5)
Scrolls
 u - 2 scrolls of enchant armour
 x - 3 scrolls of magic mapping
 A - 5 scrolls of teleportation
 B - 10 scrolls of identify {@r1}
 C - 3 scrolls of amnesia
 G - 3 scrolls of blinking
Potions
 d - 6 potions of ambrosia
 g - 6 potions of curing {@q1}
 k - 4 potions of attraction
 m - a potion of haste
 o - 2 potions of heal wounds
 p - 4 potions of brilliance
 v - 2 potions of lignification
 H - a potion of flight
 I - a potion of resistance


   Skills:
 - Level 10.8 Fighting
 * Level 17.5 Polearms
 - Level 1.7 Throwing
 - Level 2.6 Dodging
 + Level 15.1 Invocations


You had 13 spell levels left.
You didn't know any spells.
Your spell library contained the following spells:

 Spells                   Type           Power      Damage    Failure   Level
 Animate Skeleton         Necr           0%         N/A       38%         1
 Apportation              Tloc           0%         N/A       38%         1
 Foxfire                  Conj/Fire      0%         2x1d4     38%         1
 Pain                     Necr           0%         1d4       38%         1
 Sting                    Tmut/Pois      0%         1d3       38%         1
 Corpse Rot               Necr/Air       0%         N/A       54%         2
 Ensorcelled Hibernation  Hex/Ice        0%         N/A       54%         2
 Poisonous Vapours        Pois/Air       0%         N/A       54%         2
 Scorch                   Fire           0%         2d5       54%         2
 Gell's Gravitas          Tloc           0%         N/A       77%         3
 Ignite Poison            Fire/Tmut/Pois 0%         N/A       77%         3
 Lesser Beckoning         Tloc           0%         N/A       77%         3
 Mephitic Cloud           Conj/Pois/Air  0%         N/A       77%         3
 Spider Form              Tmut/Pois      0%         N/A       77%         3
 Teleport Other           Tloc           0%         N/A       77%         3
 Vampiric Draining        Necr           0%         2d6       77%         3
 Hailstorm                Conj/Ice       0%         3d3       99%         4
 Ice Form                 Ice/Tmut       0%         N/A       99%         4
 Sticky Flame             Conj/Fire      0%         2d3       99%         4
 Alistair's Intoxication  Tmut/Pois      0%         N/A       100%        5
 Borgnjor's Vile Clutch   Necr/Erth      0%         N/A       100%        5
 Freezing Cloud           Conj/Ice/Air   0%         6-21      100%        5
 Conjure Ball Lightning   Conj/Air       0%         3x3d6     100%        6
 Eringya's Noxious Bog    Tmut/Pois      0%         N/A       100%        6
 Simulacrum               Ice/Necr       0%         N/A       100%        6
 Starburst                Conj/Fire      0%         6d3       100%        6
 Statue Form              Tmut/Erth      0%         N/A       100%        6


Dungeon Overview and Level Annotations

Branches:
Dungeon (11/15)            Temple (1/1) D:7            Lair (6/6) D:11
  Snake (0/4) Lair:2       Spider (0/4) Lair:3        Slime (0/5) Lair:6
    Orc (2/2) D:10            Elf (0/3) Orc:2

Altars:
Ashenzari
Cheibriados
Dithmenos
Elyvilon
Fedhas
Gozag
Hepliaklqana
Kikubaaqudgha
Makhleb
Nemelex Xobeh
Okawaru
Qazlal
Ru
Sif Muna
Trog
Uskayaw
Vehumet
Wu Jian
Xom
Yredelemnul
Zin
The Shining One
Beogh

Shops:
D:1 ?(*   D:9 *   D:10 !

Annotations:
Lair:5 Urug


Innate Abilities, Weirdness & Mutations

You are completely covered in large bone plates. (SH +8)
Your demonic aura sometimes causes spilled blood to erupt in flames.
You are mostly covered in sharp spines.
Your touch may irresistibly damage your foes and sap their willpower.


Message History

Your two-headed ogre zombie hits the two-headed ogre!
You have reached level 14!
Your demonic ancestry asserts itself...
Your blood heats up.
Reach: a) +0 trident (freeze)
Press: ? - help, Dir - move target, f/p - ettin
Aim: an ettin, wielding two +0 great maces (lightly wounded, possessable, about 14% to evade your +0 trident of freezing)
You reach to attack!
You puncture the ettin! You freeze the ettin.
The ettin is moderately wounded.
The ettin hits your two-headed ogre zombie with a +0 great mace!!!
Your two-headed ogre zombie is destroyed!
Your bound death yak barely misses the orc warrior.
The orc warrior hits your bound death yak with a +0 long sword!
The two-headed ogre hits your bound death yak with a +0 giant spiked club!
The two-headed ogre hits your bound death yak with a +0 giant club.
Reach: a) +0 trident (freeze)
Press: ? - help, Dir - move target, f/p - ettin
Aim: an ettin, wielding two +0 great maces (moderately wounded, possessable, about 14% to evade your +0 trident of freezing)
The two-headed ogre is in the way.
You catch the helpless two-headed ogre completely off-guard!
You impale the two-headed ogre!! You freeze the two-headed ogre!
You kill the two-headed ogre!
A black mist starts to gather...
An orc comes into view. It is wielding a +0 club.
You puncture the ettin! You freeze the ettin. Your touch misses the ettin.
The ettin is heavily wounded.
The orc priest hits your bound death yak but does no damage.
Your bound death yak gores the orc warrior.
The orc warrior barely misses your bound death yak.
An ogre mage comes into view. It is wielding a +0 flail.
You hit the ettin. You freeze the ettin.
You touch the ettin.
You sap its willpower!
The ettin is heavily wounded.
An orc comes into view. It is wielding a +0 dagger.
The ettin is engulfed in blazing flames.
The ettin hits you with a +0 great mace!!
* * * LOW HITPOINT WARNING * * *
The ettin hits you with a +0 great mace!!!
You die...
Your body rises from the dead as a mindless zombie.

#######..## ##...........##
##.#.#.....## #.......)...##
#..<#.......######.......###
##.#........##.###.......####
............#...........)##.#
#......o.......#...............
##..........oZ............).)..
#.......#O.oZ.........#..)))..
#........##)○@.......###)))...
........###○CZ.......###).....
...# ##.........##....... ..
#....#..............
......##..............
........###......<.....
.......## #........####
.......# ###.Z.....# ....###
##.....##


You could see an ettin (possessable, weak-willed, ally target), an ogre mage, an
orc warrior (ally target), an orc priest (ally target), an orc, a friendly bound
death yak and 2 friendly two-headed ogre zombies.

Vanquished Creatures
  A boulder beetle (Lair:4)
  5 hydras
  5 two-headed ogres
  A deep troll shaman (Lair:6)
  9 death yaks
  A deep elf pyromancer (D:9)
  An oklob plant (Lair:5)
  An orc sorcerer (Orc:2)
  An ugly thing (D:11)
  A manticore (D:6)
  2 black mambas
  7 elephants
  A gargoyle (D:10)
  4 cane toads
  5 komodo dragons
  2 rime drakes
  Grinder (D:5)
  2 trolls (Orc:1)
  A hornet (D:8)
  A meliai zombie (D:10)
  A raiju (shapeshifter) (D:5)
  8 blink frogs
  A dream sheep (Lair:2)
  Sigmund (D:3)
  24 yaks
  4 wyverns
  Grum (Lair:1)
  A basilisk (Lair:3)
  An acid dragon (D:10)
  14 water moccasins
  Pargi (D:3)
  17 orc warriors
  2 black bears
  A sky beast (D:6)
  3 ice beasts (D:6)
  2 necrophages
  4 ogres
  2 phantoms (D:7)
  14 wolves
  A centaur (D:9)
  A kobold brigand (D:10)
  6 bullfrogs
  2 gnoll sergeants
  A wyvern zombie (D:7)
  2 scorpions (D:6)
  2 water moccasin zombies (D:7)
  A water moccasin skeleton (D:7)
  5 killer bees (D:9)
  3 wights (D:6)
  4 howler monkeys
  An electric eel (Lair:5)
  A centaur zombie (D:9)
  3 jellies
  A centaur skeleton (D:6)
  3 hounds
  10 orc priests
  Crazy Yiuf (D:2)
  2 bullfrog skeletons
  4 iguanas
  Terence (D:2)
  17 orc wizards
  Natasha (thrice) (D:4)
  2 hell rats (Lair:4)
  2 hound skeletons
  A howler monkey zombie (D:10)
  Robin (D:1)
  12 gnolls
  7 adders
  9 river rats (Lair:1)
  An adder zombie (D:3)
  An adder skeleton (D:5)
  2 worms (D:2)
  A dart slug (D:1)
  56 orcs
  5 bats
  9 endoplasms
  4 giant cockroaches
  17 goblins
  13 hobgoblins
  7 jackals
  3 quokkas
  11 ball pythons
  4 frilled lizards
  A jackal skeleton (D:4)
  13 kobolds
  7 rats
418 creatures vanquished.

Vanquished Creatures (collateral kills)
  A dire elephant (Lair:6)
  A hydra (Lair:2)
  A catoblepas (Lair:6)
  2 two-headed ogres (Orc:2)
  A death yak (Lair:4)
  An orc sorcerer (Orc:2)
  A cyclops (Orc:1)
  Maurice (Orc:1)
  2 cane toads (Lair:4)
  A komodo dragon (Lair:6)
  3 polar bears
  A troll (D:9)
  2 blink frogs (Lair:4)
  3 dream sheep (Lair:2)
  4 yaks
  A basilisk (Lair:4)
  4 water moccasins
  3 orc warriors (Orc:1)
  An ogre (Orc:1)
  A bullfrog (Lair:4)
  A centaur zombie (D:9)
  4 orc priests
  2 orc wizards (Orc:1)
  6 hell rats
  A gnoll (D:8)
  7 orcs
  A kobold (D:10)
57 creatures vanquished.

Vanquished Creatures (others)
  A spectral death yak (Lair:4)
  2 death yak zombies (Lair:4)
  2 black mamba zombies
  A two-headed ogre zombie (Orc:2)
  A cane toad zombie (Lair:4)
  4 blink frog zombies
  An elephant zombie (Lair:4)
  3 water moccasin zombies
  3 yak zombies
  5 wolf zombies
  A centaur zombie (D:9)
  A bullfrog zombie (Lair:5)
  A black bear zombie (Lair:1)
  A basilisk zombie (Lair:4)
  A killer bee zombie (D:9)
  An ogre zombie (Orc:2)
  3 hell rat zombies
  3 kobold zombies (D:10)
  19 orc zombies
  A river rat zombie (Lair:1)
  67 fungi
  62 plants
  A withered plant (D:3)
185 creatures vanquished.

Grand Total: 660 creatures vanquished

Notes
Turn   | Place    | Note
-------+----------+-------------------------------------------
     0 | D:1      | benadryl the Demonspawn Gladiator began the quest for the
                  | Orb.
     0 | D:1      | Reached XP level 1. HP: 16/16 MP: 1/1
    26 | D:1      | Found Noowo's Magic Scroll Shoppe.
   228 | D:1      | Gained mutation: You are partially covered in large bone
                  | plates. (SH +4) [demonic ancestry]
   228 | D:1      | Reached XP level 2. HP: 23/23 MP: 2/2
   236 | D:1      | Found a faded altar of an unknown god.
   279 | D:1      | Reached skill level 3 in Polearms
   711 | D:1      | Found Lyutodef's Assorted Antiques.
   752 | D:1      | Reached XP level 3. HP: 29/29 MP: 3/3
  1286 | D:1      | Found Mipupt's Antique Weapon Shoppe.
  1528 | D:2      | Gained mutation: Your touch may inflict minor irresistible
                  | damage on your foes. [demonic ancestry]
  1528 | D:2      | Reached XP level 4. HP: 7/37 MP: 4/4
  1888 | D:2      | Found a runed translucent door.
  1889 | D:2      | Noticed Crazy Yiuf
  1940 | D:2      | Noticed Robin
  2337 | D:1      | Killed Robin
  2350 | D:2      | Noticed Terence
  2365 | D:2      | Killed Terence
  2366 | D:2      | Reached XP level 5. HP: 11/43 MP: 5/5
  3378 | D:2      | Killed Crazy Yiuf
  3671 | D:3      | Noticed Sigmund
  3687 | D:3      | Killed Sigmund
  3688 | D:3      | Reached skill level 5 in Fighting
  3688 | D:3      | Reached skill level 4 in Polearms
  3688 | D:3      | Gained mutation: You are partially covered in sharp spines.
                  | [demonic ancestry]
  3688 | D:3      | Reached XP level 6. HP: 40/52 MP: 6/6
  3772 | D:3      | Noticed Pargi
  3801 | D:3      | Killed Pargi
  4081 | D:3      | Reached XP level 7. HP: 56/59 MP: 7/7
  5081 | D:4      | Noticed Natasha
  5088 | D:4      | Killed Natasha
  5106 | D:4      | Noticed an angel
  5107 | D:4      | Found a shimmering altar of Xom.
  5119 | D:4      | Noticed Natasha
  5128 | D:4      | Killed Natasha
  5129 | D:4      | Reached skill level 5 in Polearms
  5218 | D:4      | Noticed Natasha
  5263 | D:4      | Killed Natasha
  5540 | D:5      | Entered Level 5 of the Dungeon
  5546 | D:5      | Noticed a shapeshifter
  5546 | D:5      | a black bear changed into a shapeshifter
  5546 | D:5      | Noticed a raiju
  5546 | D:5      | a shapeshifter changed into a raiju
  5551 | D:5      | Killed a raiju
  5552 | D:5      | Gained mutation: You are mostly covered in sharp spines.
                  | [demonic ancestry]
  5552 | D:5      | Reached XP level 8. HP: 53/68 MP: 8/8
  5605 | D:5      | Noticed Grinder
  5831 | D:5      | Killed Grinder
  5832 | D:5      | Reached skill level 6 in Polearms
  6024 | D:5      | Noticed a two-headed ogre
  6043 | D:5      | Killed a two-headed ogre
  6046 | D:5      | Reached XP level 9. HP: 67/78 MP: 9/9
  6203 | D:5      | Reached skill level 10 in Fighting
  6534 | D:5      | Reached skill level 7 in Polearms
  6933 | D:6      | Found a snail-covered altar of Cheibriados.
  7043 | D:6      | Reached skill level 8 in Polearms
  7046 | D:6      | Noticed a manticore
  7056 | D:6      | Killed a manticore
  7134 | D:6      | Reached skill level 9 in Polearms
  7379 | D:7      | Found a staircase to the Ecumenical Temple.
  7430 | D:7      | Gained mutation: Your touch may inflict irresistible damage
                  | on your foes. [demonic ancestry]
  7430 | D:7      | Reached XP level 10. HP: 84/86 MP: 10/10
  8062 | Temple   | Entered the Ecumenical Temple
  8131 | Temple   | Became a worshipper of Yredelemnul the Dark
  8243 | D:8      | Reached * piety under Yredelemnul
  8491 | D:8      | Reached skill level 10 in Polearms
  8543 | D:8      | Reached ** piety under Yredelemnul
  8585 | D:8      | Reached *** piety under Yredelemnul
  8594 | D:8      | Found the +7 staff of the Meek {protect, meekguard}
  8652 | D:8      | Paralysed by a hornet for 1 turns
  8663 | D:8      | Reached **** piety under Yredelemnul
  8829 | D:9      | Noticed a deep elf pyromancer
  8963 | D:9      | Killed a deep elf pyromancer
  8964 | D:9      | Reached skill level 11 in Polearms
  9082 | D:9      | Got the Handbook of the Volcanoes
  9153 | D:9      | Found a blossoming altar of Fedhas.
  9153 | D:9      | Found an ancient bone altar of Kikubaaqudgha.
  9266 | D:9      | Reached skill level 12 in Polearms
  9320 | D:9      | Found Tolazer's General Store.
  9409 | D:9      | Identified the +4 ring mail "Hyiduish" {Int+3}
  9753 | D:10     | Entered Level 10 of the Dungeon
  9801 | D:10     | Noticed a two-headed ogre
  9822 | D:10     | Killed a two-headed ogre
  9823 | D:10     | Gained mutation: Your touch may irresistibly damage your
                  | foes and sap their willpower. [demonic ancestry]
  9823 | D:10     | Reached XP level 11. HP: 92/92 MP: 11/11
  9894 | D:10     | Found a staircase to the Orcish Mines.
 10021 | D:10     | Reached skill level 13 in Polearms
 10278 | D:10     | Got the Disquisition on Clay and Flight
 10298 | D:10     | Found Igik's Distillery.
 10940 | D:11     | Noticed a two-headed ogre
 10958 | D:11     | Killed a two-headed ogre
 11004 | D:11     | Got Piegytwei's Grimoire of the Nocuous Blaze
 11286 | D:11     | Found a staircase to the Lair.
 11392 | D:11     | Noticed a green ugly thing
 11401 | D:11     | Killed a green ugly thing
 11544 | Lair:1   | Entered Level 1 of the Lair of Beasts
 11619 | Lair:1   | Reached skill level 14 in Polearms
 11629 | Lair:1   | Noticed Grum
 11666 | Lair:1   | Killed Grum
 11667 | Lair:1   | Reached skill level 1 in Invocations
 12171 | Lair:2   | Noticed an eight-headed hydra
 12184 | Lair:2   | Killed an eight-headed hydra
 12185 | Lair:2   | Reached skill level 5 in Invocations
 12315 | Lair:2   | Found a staircase to the Snake Pit.
 12338 | Lair:2   | Noticed a four-headed hydra
 12344 | Lair:2   | Killed a four-headed hydra
 12395 | Lair:2   | Gained mutation: You are mostly covered in large bone
                  | plates. (SH +6) [demonic ancestry]
 12395 | Lair:2   | Reached XP level 12. HP: 66/99 MP: 16/16
 12487 | Lair:2   | Reached ***** piety under Yredelemnul
 12764 | Lair:2   | Reached ****** piety under Yredelemnul
 12779 | Lair:3   | Noticed a death yak
 12781 | Lair:3   | Noticed a death yak
 12782 | Lair:3   | Noticed a death yak
 13042 | Lair:2   | Killed a death yak
 13046 | Lair:2   | Killed a death yak
 13056 | Lair:2   | Killed a death yak
 13057 | Lair:2   | Reached skill level 15 in Polearms
 13135 | Lair:3   | Found a hole to the Spider Nest.
 13209 | Lair:3   | Noticed a five-headed hydra
 13868 | Lair:3   | Killed a five-headed hydra
 13869 | Lair:3   | Reached skill level 10 in Invocations
 14090 | Lair:4   | Noticed a death yak
 14091 | Lair:4   | Noticed a death yak
 14093 | Lair:4   | Noticed a death yak
 14109 | Lair:4   | Killed a death yak
 14138 | Lair:4   | Killed a death yak
 14141 | Lair:4   | Killed a death yak
 14446 | Lair:4   | Noticed a death yak
 14463 | Lair:4   | Gained mutation: You are completely covered in large bone
                  | plates. (SH +8) [demonic ancestry]
 14463 | Lair:4   | Reached XP level 13. HP: 41/105 MP: 22/22
 14981 | Lair:5   | Reached skill level 16 in Polearms
 15316 | Lair:5   | Noticed Urug
 15794 | Lair:6   | Entered Level 6 of the Lair of Beasts
 16303 | Lair:6   | Noticed a dire elephant
 16316 | Lair:6   | Killed a dire elephant
 16366 | Lair:6   | Reached skill level 17 in Polearms
 16525 | Lair:6   | Identified the ring of Getwapro {rC+ rN+ Stlth+}
 16987 | Lair:6   | Found a staircase to the Slime Pits.
 17199 | Orc:1    | Entered Level 1 of the Orcish Mines
 17385 | Orc:1    | Noticed Maurice
 17410 | Orc:1    | Killed Maurice
 17717 | Orc:2    | Entered Level 2 of the Orcish Mines
 17951 | Orc:2    | Found a staircase to the Elven Halls.
 18058 | Orc:2    | Noticed an ettin
 18063 | Orc:2    | Reached skill level 15 in Invocations
 18069 | Orc:2    | Gained mutation: Your demonic aura sometimes causes spilled
                  | blood to erupt in flames. [demonic ancestry]
 18069 | Orc:2    | Reached XP level 14. HP: 56/111 MP: 16/25
 18072 | Orc:2    | Mangled by an ettin

Illustrated notes

Levels and vault maps discovered:
D:1:      ebering_trefoil_twist, layout_loops_ring, serial_shops,
          shop_fountains, nicolae_diamond_shop, shop,
          shapermc_ecumenical_altar_acropolis, wad_floor_pattern_1,
          minmay_tromino_i4
D:2:      layout_loops_ring, uniq_terence, uniq_crazy_yiuf_cottage, uniq_robin
D:3:      layout_loops_ring, serial_undead, serial_undead_c, serial_undead_a,
          serial_undead_a, serial_undead_c, uniq_pargi, uniq_sigmund
D:4:      layout_rooms, grunt_temple_overflow_order_and_chaos_1,
          minmay_fractal_squares_5, uniq_natasha
D:5:      layout_rooms, uniq_grinder
D:6:      layout_basic, mainiacjoe_overflow_surrounded_room
D:7:      layout_loops_ring, minmay_temple_entry_antechambers
D:8:      layout_basic, pf_guarded_unrand_meek
D:9:      layout_long_grid, gammafunk_temple_overflow_forgotten, serial_shops,
          kennysheep_mini, nrook_mini_backslash
D:10:     layout_loops_corners, david_orc_5, serial_shops, nicolae_shop_stone
D:11:     layout_roguey, lair_entry_dummy, serial_glass, glass_columns_a,
          glass_columns_a
Temple:   compressed_dpeg_circular_temple
Lair:1:   layout_big_grid, kennysheep_rathole, uniq_grum
Lair:2:   layout_chaotic_city, dummy_snake_entry, serial_bayou_lake_a,
          grunt_megastairs_3
Lair:3:   layout_cave_pods, dummy_spider_entry
Lair:4:   layout_roguey
Lair:5:   layout_gridlike, uniq_urug
Lair:6:   grunt_lair_end_beastmaster, layout_loops_ring,
          dpeg_slime_entry_corner, chequers_serial_rivers_micro_d
Orc:1:    layout_caves, basic_altar, uniq_maurice
Orc:2:    st_orc_ogre_mass, layout_diamond_mine, serial_shops,
          nicolae_shop_waterfront

Skill      XL: |  1  2  3  4  5  6  7  8  9 10 11 12 13 |
---------------+----------------------------------------+-----
Polearms       | 3 4 5 6 9 12 14 15 17 | 17.5
Fighting       | 3 4 5 6 8 9 10 | 10.8
Invocations    | 6 12 15 | 15.1
Throwing       | |  1.7
Dodging        | |  2.6

Action                   |  1- 3 |  4- 6 |  7- 9 | 10-12 | 13-15 || total
-------------------------+-------+-------+-------+-------+-------++-------
Melee: Trident           |   129 |   104 |       |   376 |   355 ||   964
       Touch             |       |    19 |    49 |   122 |    68 ||   258
       Quarterstaff      |       |    54 |    71 |       |       ||   125
       Spear             |       |       |   226 |   300 |       ||   526
Throw: Throwing net      |     1 |     5 |     2 |     2 |       ||    10
       Dart              |       |     2 |     6 |    13 |       ||    21
Invok: Recall Undead Har |       |       |       |     1 |     1 ||     2
       Bind Soul         |       |       |       |       |     4 ||     4
Evoke: Wand              |       |       |       |       |     4 ||     4
  Use: Scroll            |     1 |     2 |     9 |    10 |       ||    22
       Potion            |       |       |     1 |     2 |     2 ||     5
 Stab: Held in net/web   |     1 |     1 |       |     1 |       ||     3
       Sleeping          |     1 |       |       |       |     2 ||     3
       Distracted        |       |       |       |     4 |     8 ||    12
       Invisible         |       |       |       |     2 |     1 ||     3
       Petrified         |       |       |       |       |     3 ||     3
Armor: Leather armour    |    29 |     8 |       |       |       ||    37
       Chain mail        |       |    44 |       |       |       ||    44
       Troll leather arm |       |     5 |    70 |   100 |    41 ||   216
Dodge: Dodged            |    85 |    57 |    83 |   148 |    97 ||   470
Block: Other             |    19 |    27 |    25 |    79 |    76 ||   226

Table legend: (Time is in decaauts)
 A = Elapsed time spent in this place.
 B = Non-inter-level travel time spent in this place.
 C = Inter-level travel time spent in this place.
 D = Time resting spent in this place.
 E = Time spent auto-exploring this place.
 F = Levels seen in this place.
 G = Mean time per level.
                   A        B        C        D        E       F      G
               +--------+--------+--------+--------+--------+-----+--------+
         Total |  17644 |  16995 |    649 |   4710 |   8725 |  20 |  882.2 |
       Dungeon |  11342 |  10893 |    449 |   3419 |   5730 |  11 | 1031.1 |
        Temple |     91 |     87 |      4 |      0 |     18 |   1 |   91.0 |
          Lair |   5379 |   5197 |    182 |   1135 |   2566 |   6 |  896.5 |
  Orcish Mines |    830 |    817 |     13 |    156 |    410 |   2 |  415.0 |
               +--------+--------+--------+--------+--------+-----+--------+

Top non-repeatable levels by time:
     D:2: 1856 daAuts
     D:1: 1834 daAuts
  Lair:6: 1190 daAuts
    D:10: 1114 daAuts
     D:3: 1109 daAuts
  Lair:5: 999 daAuts
     D:4: 973 daAuts
     D:5: 920 daAuts
  Lair:3: 865 daAuts
  Lair:1: 816 daAuts
     D:7: 791 daAuts
  Lair:2: 785 daAuts
     D:9: 784 daAuts
  Lair:4: 722 daAuts
    D:11: 667 daAuts
